 Dungeon Crawl Stone Soup version 0.30-a0-457-g4b7bca3bfa (webtiles) character file.

Game seed: 5165279439504531785

22196 Adrian566 the Carver (level 12, -5/97 HPs)
             Began as a Demonspawn Gladiator on Dec 12, 2022.
             Slain by an orc warlord
             ... wielding a +2 dire flail of protection
              (29 damage)
             ... on level 1 of the Orcish Mines.
             The game lasted 00:17:17 (12877 turns).

Adrian566 the Carver (Demonspawn Gladiator)        Turns: 12877, Time: 00:17:18

Health: -5/97      AC:  7    Str: 19    XL:     12   Next: 60%
Magic:  12/12      EV: 18    Int: 11    God:
Gold:   580        SH: 13    Dex: 18    Spells: 11/11 levels left

rFire   . . .      SeeInvis .    J - +2 scimitar (freeze)
rCold   . . .      Faith    .    m - +1 tower shield
rNeg    . . .      Spirit   .    M - +0 troll leather armour
rPois   .          Reflect  .    c - +0 helmet
rElec   .          Harm     .    w - +0 cloak
rCorr   .          Rampage  .    (no gloves)
Will    .....                    (no boots)
Stlth   +++.......               (no amulet)
HPRegen 1.16/turn                t - +6 ring of strength
MPRegen 0.13/turn                (no ring)

@: mighty, agile, studying Hexes
A: powered by death 3, powered by pain 1, demonic touch 1, fangs 1, talons 1,
weak 1
a: no special abilities


You were on level 1 of the Orcish Mines.
You visited 4 branches of the dungeon, and saw 14 of its levels.

You collected 979 gold pieces.
You spent 399 gold pieces at shops.

Inventory:

Hand Weapons
 a - a +0 long sword
 i - a +0 falchion of protection
 I - a +0 flail
 J - a +2 scimitar of freezing (weapon)
Missiles
 d - 3 throwing nets
 e - 4 javelins
Armour
 c - a +0 helmet (worn)
 m - a +1 tower shield (worn)
 u - +0 steam dragon scales
 w - a +0 cloak (worn)
 M - a +0 troll leather armour (worn)
Jewellery
 t - a +6 ring of strength (left hand)
 x - a ring of fire
 A - an amulet of magic regeneration
Wands
 b - a wand of roots (5)
 y - a wand of flame (21)
 C - a wand of polymorph (4) (quivered)
 F - a wand of mindburst (14)
 G - a wand of paralysis (10)
 L - a wand of quicksilver (7)
Scrolls
 g - a scroll of vulnerability
 h - 3 scrolls of amnesia
 j - 4 scrolls of poison
 l - 2 scrolls of identify
 n - a scroll of noise
 o - 3 scrolls of immolation
 p - 2 scrolls of magic mapping
 q - 2 scrolls of enchant weapon
Potions
 r - a potion of lignification
 s - a potion of cancellation
 v - a potion of brilliance
 z - a potion of flight
 B - a potion of resistance
 D - 4 potions of ambrosia
 E - 2 potions of degeneration
 H - a potion of mutation


   Skills:
 + Level 9.9 Fighting
 + Level 13.5 Long Blades
 + Level 1.8 Throwing
 + Level 4.5 Armour
 + Level 9.0 Dodging
 + Level 6.2 Stealth
 + Level 1.0 Shields
 + Level 1.5 Evocations


You had 11 spell levels left.
You didn't know any spells.
Your spell library contained the following spells:

 Spells                   Type           Power      Damage    Failure   Level
 Magic Dart               Conj           0%         1d3       100%        1
 Call Imp                 Summ           0%         N/A       100%        2
 Ensorcelled Hibernation  Hex/Ice        0%         N/A       100%        2
 Passwall                 Tmut/Erth      0%         N/A       100%        2
 Sublimation of Blood     Necr           0%         N/A       100%        2
 Mephitic Cloud           Conj/Pois/Air  0%         N/A       100%        3
 Stone Arrow              Conj/Erth      0%         3d7       100%        3
 Swiftness                Air            0%         N/A       100%        3
 Animate Armour           Summ/Erth      0%         N/A       100%        4
 Passage of Golubria      Tloc           0%         N/A       100%        4
 Petrify                  Tmut/Erth      0%         N/A       100%        4
 Irradiate                Conj/Tmut      0%         3d11      100%        5
 Silence                  Hex/Air        0%         N/A       100%        5
 Lehudib's Crystal Spear  Conj/Erth      0%         10d2      100%        8


Dungeon Overview and Level Annotations

Branches:
Dungeon (10/15)            Temple (1/1) D:4            Lair (1/5) D:9
    Orc (2/2) D:10            Elf (0/3) Orc:2

Altars:
Ashenzari
Cheibriados
Dithmenos
Fedhas
Gozag
Hepliaklqana
Kikubaaqudgha
Makhleb
Nemelex Xobeh
Okawaru
Qazlal
Ru
Sif Muna
Trog
Uskayaw
Vehumet
Wu Jian
Xom
Yredelemnul

Shops:
D:1 *   D:7 (((?   Orc:2 [?=?

Portals:
Abyss: D:4

Annotations:
D:4 2 transporters, cforsyth's ghost, amateur MiBe


Innate Abilities, Weirdness & Mutations

You regenerate a lot of health from kills.
You sometimes gain a little power by taking damage.
Your touch may inflict minor irresistible damage on your foes.
You have very sharp teeth.
You have sharp toenails.
You are weak. (Str -2)


Message History

The orc warlord shoots a bolt.
The bolt completely misses you.
The orc warlord shoots a bolt.
The bolt hits you!
The orc warlord unwields a +0 arbalest.
The orc warlord wields a +2 dire flail of protection.
The orc warlord hits you with a +2 dire flail of protection!
You focus on the pain.
You feel very mighty all of a sudden.
You barely miss the orc warlord. You block the orc warlord's attack.
You slash the orc warlord! You freeze the orc warlord.
You claw the orc warlord!
The orc warlord is lightly wounded.
The orc warlord barely misses you.
You hit the orc warlord. You freeze the orc warlord. You claw the orc warlord.
The orc warlord is moderately wounded.
The orc warlord hits you with a +2 dire flail of protection!!
You focus on the pain.
You feel agile all of a sudden.
You hit the orc warlord but do no damage.
The orc warlord is moderately wounded.
The orc warlord hits you with a +2 dire flail of protection!
You block the orc warlord's attack.
You slash the orc warlord! You freeze the orc warlord.
The orc warlord is heavily wounded.
You block the orc warlord's attack.
You hit the orc warlord but do no damage.
You claw the orc warlord. Your bite misses the orc warlord.
The orc warlord is heavily wounded.
The orc warlord hits you with a +2 dire flail of protection!!
You are too injured to fight recklessly!
You are too injured to fight recklessly!
You are too injured to fight recklessly!
You are too injured to fight recklessly!
You feel better.
The orc warlord hits you with a +2 dire flail of protection!!
* * * LOW HITPOINT WARNING * * *
You hit the orc warlord. You freeze the orc warlord.
You claw the orc warlord, but do no damage.
The orc warlord is heavily wounded.
The orc warlord hits you with a +2 dire flail of protection!!
You die...

##...# ##..####
###.[..#.##
##.#...#...#
#..........#######
##...........#.#.##
####...#.............#
##.#...o.......#...#.##
##......@).........####
#....)..............##
#......)>............#
##........#....#....##
###..............#...##
##...........##.......#
#.............##..#..##
##
##..#.........#......#
##.
##..............##.##
#..


You could see an orc warlord.

Vanquished Creatures
  An ettin (Orc:2)
  2 ogre magi (Orc:2)
  2 two-headed ogres (D:9)
  Nergalle (Orc:2)
  Pikel (D:7)
  An orc knight (Orc:2)
  5 orc sorcerers (Orc:2)
  A cyclops (Orc:1)
  A gargoyle (D:10)
  Maggie (D:7)
  5 trolls
  Grinder (D:5)
  A hornet (D:9)
  A vampire (D:7)
  26 yaks
  A wyvern (D:10)
  Eustachio (D:5)
  A golden eye (D:10)
  2 steam dragons (D:8)
  Menkaure (D:5)
  3 water moccasins
  2 hornet zombies (D:7)
  Duvessa (D:5)
  2 ice beasts
  15 orc warriors
  A sky beast (D:8)
  A black bear (D:6)
  15 ogres
  5 centaurs
  4 kobold brigands
  2 lemures (D:7)
  Blork the orc (D:4)
  2 gnoll sergeants
  5 bullfrogs
  3 necrophages
  5 scorpions
  6 wights (D:7)
  Dowan (D:5)
  6 killer bees
  2 howler monkeys
  A human zombie (D:7)
  A centaur zombie (D:7)
  3 jellies
  A gnoll bouda (D:7)
  4 hounds
  9 orc priests
  3 iguanas
  25 orc wizards
  3 mummies (D:7)
  Robin (D:3)
  A howler monkey zombie (D:7)
  3 gnolls
  7 adders
  A shadow imp (D:6)
  A white imp (D:7)
  2 worms (D:3)
  2 dart slugs
  58 orcs
  6 endoplasms
  A giant cockroach (D:3)
  10 goblins
  6 hobgoblins
  10 jackals
  9 kobolds
  5 quokkas
  4 ball pythons
  3 frilled lizards
  3 rats
  A spectral orc (D:9)
322 creatures vanquished.

Vanquished Creatures (collateral kills)
  An ogre mage (Orc:2)
  An orc sorcerer (Orc:2)
  An ogre (Orc:2)
  3 orc wizards (Orc:2)
  2 goblins (D:3)
  2 hobgoblins (D:3)
10 creatures vanquished.

Vanquished Creatures (others)
  An ogre (Orc:2)
  A kobold brigand (D:8)
  2 orc wizards
  An orc (D:8)
5 creatures vanquished.

Grand Total: 337 creatures vanquished

Notes
Turn   | Place    | Note
-------+----------+-------------------------------------------
     0 | D:1      | Adrian566 the Demonspawn Gladiator began the quest for the
                  | Orb.
     0 | D:1      | Reached XP level 1. HP: 16/16 MP: 1/1
   218 | D:1      | Reached skill level 3 in Long Blades
   310 | D:1      | Gained mutation: Your touch may inflict minor irresistible
                  | damage on your foes. [demonic ancestry]
   310 | D:1      | Reached XP level 2. HP: 22/22 MP: 2/2
   591 | D:1      | Found Sipputy's Assorted Antiques.
   598 | D:1      | Bought a scroll labelled NETITR HAANAOBBOE for 24 gold
                  | pieces
  1069 | D:2      | Reached XP level 3. HP: 17/27 MP: 3/3
  1510 | D:2      | Found a faded altar of an unknown god.
  1866 | D:3      | Noticed Robin
  1889 | D:3      | Reached skill level 1 in Armour
  1905 | D:3      | Killed Robin
  1914 | D:3      | Reached XP level 4. HP: 14/33 MP: 4/4
  2068 | D:3      | Reached skill level 1 in Stealth
  2517 | D:4      | Gained mutation: You sometimes gain a little power by
                  | taking damage. [demonic ancestry]
  2517 | D:4      | Reached XP level 5. HP: 39/39 MP: 5/5
  2529 | D:4      | Reached skill level 4 in Long Blades
  2702 | D:4      | Reached XP level 6. HP: 46/46 MP: 6/6
  2740 | D:4      | Found a transporter.
  2777 | D:4      | Noticed a toenail golem
  2789 | D:4      | Found a transporter.
  2821 | D:4      | Found a one-way gate to the infinite horrors of the Abyss.
  2821 | D:4      | Noticed cforsyth's ghost (amateur MiBe)
  2833 | D:4      | Noticed Blork the orc
  2847 | D:4      | Killed Blork the orc
  3271 | D:4      | Found a staircase to the Ecumenical Temple.
  3280 | D:4      | Reached skill level 5 in Long Blades
  3284 | Temple   | Entered the Ecumenical Temple
  3517 | D:5      | Entered Level 5 of the Dungeon
  3726 | D:5      | Gained mutation: You regenerate a little health from kills.
                  | [demonic ancestry]
  3726 | D:5      | Reached XP level 7. HP: 44/52 MP: 7/7
  3959 | D:5      | Found a radiant altar of Vehumet.
  4018 | D:5      | Noticed Eustachio
  4067 | D:5      | Killed Eustachio
  4285 | D:5      | Reached skill level 6 in Long Blades
  4317 | D:5      | Noticed Grinder
  4330 | D:5      | Killed Grinder
  4331 | D:5      | Gained mutation: You regenerate health from kills. [demonic
                  | ancestry]
  4331 | D:5      | Reached XP level 8. HP: 54/60 MP: 8/8
  4459 | D:5      | Noticed Duvessa
  4459 | D:5      | Noticed Dowan
  4469 | D:5      | Killed Duvessa
  4478 | D:5      | Killed Dowan
  4695 | D:5      | Noticed Menkaure
  4702 | D:5      | Killed Menkaure
  4703 | D:5      | Reached skill level 7 in Long Blades
  4703 | D:5      | Reached skill level 5 in Dodging
  5345 | D:6      | Reached XP level 9. HP: 64/66 MP: 9/9
  5856 | D:6      | Reached skill level 8 in Long Blades
  6175 | D:7      | Found Uzycedes's Weapon Shop.
  6272 | D:7      | Found Tappyir's Magic Scroll Shop.
  6282 | D:7      | Bought a scroll of identify for 30 gold pieces
  6413 | D:7      | Reached skill level 5 in Fighting
  6478 | D:7      | Found a basalt altar of Yredelemnul.
  6808 | D:7      | Reached skill level 9 in Long Blades
  6922 | D:7      | Found an ancient bone altar of Kikubaaqudgha.
  7101 | D:7      | Found Ygewyaxa's Weapon Shop.
  7146 | D:7      | Noticed Maggie
  7158 | D:7      | Killed Maggie
  7159 | D:7      | Reached XP level 10. HP: 71/76 MP: 10/10
  7172 | D:7      | Found Ratajen's Antique Weapon Emporium.
  7371 | D:8      | Noticed Pikel
  7396 | D:7      | Killed Pikel
  7409 | D:8      | Noticed Maurice
  7741 | D:7      | Reached skill level 10 in Long Blades
  7941 | D:8      | Maurice changed into Maurice the ice beast
  7941 | D:8      | Noticed Maurice
  7947 | D:8      | Killed Maurice the ice beast
  8385 | D:8      | Found a sparkling altar of Nemelex Xobeh.
  8643 | D:9      | Found a staircase to the Lair.
  8710 | D:9      | Found a shimmering blue altar of Sif Muna.
  8722 | D:9      | Noticed a two-headed ogre
  8730 | D:9      | Killed a two-headed ogre
  8731 | D:9      | Reached skill level 11 in Long Blades
  8731 | D:9      | Reached skill level 5 in Stealth
  8731 | D:9      | Reached skill level 1 in Evocations
  8904 | D:9      | Reached XP level 11. HP: 60/84 MP: 11/11
  9422 | D:9      | Found a basalt altar of Yredelemnul.
  9583 | Lair:1   | Entered Level 1 of the Lair of Beasts
  9602 | D:10     | Entered Level 10 of the Dungeon
  9611 | D:10     | Noticed a two-headed ogre
  9625 | D:9      | Gained mutation: You are weak. (Str -2) [potion of
                  | mutation]
  9625 | D:9      | Gained mutation: You have very sharp teeth. [potion of
                  | mutation]
  9625 | D:9      | Gained mutation: You have sharp toenails. [potion of
                  | mutation]
  9755 | D:9      | Killed a two-headed ogre
  9865 | D:10     | Found a staircase to the Orcish Mines.
 10361 | D:9      | Reached skill level 12 in Long Blades
 11275 | D:10     | Noticed Sonja
 11275 | D:10     | Paralysed by Sonja for 3 turns
 11279 | D:10     | Sonja changed into Sonja the golden eye
 11279 | D:10     | Noticed Sonja
 11294 | D:10     | Killed Sonja the golden eye
 11513 | Orc:1    | Entered Level 1 of the Orcish Mines
 11655 | Orc:2    | Entered Level 2 of the Orcish Mines
 11655 | Orc:2    | Noticed an ogre mage
 11655 | Orc:2    | Noticed an ogre mage
 11655 | Orc:2    | Found a radiant altar of Vehumet.
 11658 | Orc:2    | Noticed an orc sorcerer
 11663 | Orc:2    | Killed an orc sorcerer
 11671 | Orc:2    | Killed an ogre mage
 11673 | Orc:2    | Killed an ogre mage
 11674 | Orc:2    | Gained mutation: You regenerate a lot of health from kills.
                  | [demonic ancestry]
 11674 | Orc:2    | Reached XP level 12. HP: 70/95 MP: 12/12
 11692 | Orc:2    | Found Roedwoit's Magic Scroll Shoppe.
 11719 | Orc:2    | Bought a scroll of identify for 34 gold pieces
 11719 | Orc:2    | Bought a scroll of identify for 34 gold pieces
 11738 | Orc:2    | Found Imoo's Jewellery Emporium.
 11739 | Orc:2    | Noticed an ogre mage
 11747 | Orc:2    | Paralysed by something for 2 turns
 11751 | Orc:2    | Killed an ogre mage
 11886 | Orc:2    | Noticed Nergalle
 11890 | Orc:2    | Found an ancient bone altar of Kikubaaqudgha.
 11897 | Orc:2    | Killed Nergalle
 11898 | Orc:2    | Reached skill level 13 in Long Blades
 11951 | Orc:2    | Paralysed by an orc sorcerer for 2 turns
 11958 | Orc:2    | Found Dunny Ojuo's Magic Scroll Shoppe.
 11998 | Orc:2    | Found Hieduf's Antique Armour Shoppe.
 12001 | Orc:2    | Bought a scroll of identify for 24 gold pieces
 12001 | Orc:2    | Bought a scroll of identify for 24 gold pieces
 12001 | Orc:2    | Bought a scroll of identify for 24 gold pieces
 12001 | Orc:2    | Bought a scroll of identify for 24 gold pieces
 12001 | Orc:2    | Bought a scroll of identify for 24 gold pieces
 12013 | Orc:2    | Bought a tower shield for 157 gold pieces
 12138 | Orc:2    | Noticed an ettin
 12354 | Orc:2    | Killed an ettin
 12467 | Orc:2    | Found a staircase to the Elven Halls.
 12757 | Orc:1    | Noticed an orc warlord
 12864 | Orc:2    | Reached skill level 1 in Shields
 12877 | Orc:1    | Slain by an orc warlord

Illustrated notes

Levels and vault maps discovered:
D:1:      ncdulo_smallfort, layout_basic, serial_shops, shop, minmay_cut_off
D:2:      layout_loops_ring, dreamdust_ecumenical_altar_angels_and_demons,
          minmay_tromino_v4_b
D:3:      layout_basic, nicolae_eternal_life, uniq_robin
D:4:      layout_loops_ring, minmay_temple_entry_hall,
          gammafunk_ghost_abyssal_escape, uniq_blork_the_orc
D:5:      layout_basic, fiery_altar_vehumet, uniq_eustachio, uniq_menkaure,
          uniq_grinder, uniq_duvessa
D:6:      layout_basic, grunt_ministairs_13
D:7:      layout_loops_ring, lemuel_mausoleum_altar_kikubaaqudgha, serial_shops,
          nicolae_shop_hallway_plus,
          nicolae_shop_temple_entry_statues_fountains, shop, nicolae_shop_stone,
          minmay_ruined_shrine, uniq_maggie
D:8:      layout_cave_pools, good_gods_mini_temple,
          nemelex_xobeh_ov_fountains_minmay, minmay_manual_mandibuliform,
          uniq_pikel, uniq_maurice
D:9:      layout_rooms, yredelemnul_forgotten_temple_becter,
          nicolae_sif_muna_little_library, lair_entry_dummy,
          serial_corexii_hall, corexii_hall_statues_x, corexii_hall_statues_s,
          chequers_hall_statues_corner_a
D:10:     layout_irregular_city, kennysheep_orc_monster_closet_entryway,
          uniq_sonja
Temple:   nicolae_temple_ecumenical_triangle
Lair:1:   layout_gridlike
Orc:1:    layout_caves, basic_altar, nicolae_orc_flooded_monolith, mines4_lemuel
Orc:2:    kennysheep_orc_mage_school, layout_caves

Skill      XL: |  1  2  3  4  5  6  7  8  9 10 11 12 |
---------------+-------------------------------------+-----
Long Blades    | 3 4 5 6 7 9 11 12 13 | 13.5
Dodging        | 3 4 5 6 8 9 |  9.0
Armour         | 1 2 3 4 |  4.5
Stealth        | 1 2 3 4 5 6 |  6.2
Fighting       | 3 4 5 7 9 |  9.9
Evocations     | 1 |  1.5
Shields        | 1 |  1.0
Throwing       | |  1.8

Action                   |  1- 3 |  4- 6 |  7- 9 | 10-12 || total
-------------------------+-------+-------+-------+-------++-------
Melee: Long sword        |   107 |     4 |       |       ||   111
       Touch             |    15 |    31 |    81 |    87 ||   214
       Punch             |     1 |       |     4 |     8 ||    13
       Falchion          |       |   135 |   304 |       ||   439
       Scimitar          |       |       |    70 |   531 ||   601
       Kick              |       |       |       |   131 ||   131
       Bite              |       |       |       |    39 ||    39
Evoke: Wand              |       |       |       |     9 ||     9
  Use: Scroll            |     7 |       |     8 |    10 ||    25
       Potion            |     4 |       |    10 |    15 ||    29
 Stab: Sleeping          |     2 |     5 |    13 |     6 ||    26
       Invisible         |     4 |     1 |       |     1 ||     6
       Distracted        |       |       |       |     3 ||     3
Armor: Leather armour    |    39 |    37 |   145 |       ||   221
       Steam dragon scal |       |       |       |   125 ||   125
       Troll leather arm |       |       |       |    15 ||    15
Dodge: Dodged            |   114 |    93 |   280 |   359 ||   846
Block: Tower shield      |       |       |       |    51 ||    51

Table legend: (Time is in decaauts)
 A = Elapsed time spent in this place.
 B = Non-inter-level travel time spent in this place.
 C = Inter-level travel time spent in this place.
 D = Time resting spent in this place.
 E = Time spent auto-exploring this place.
 F = Levels seen in this place.
 G = Mean time per level.
                   A        B        C        D        E       F      G
               +--------+--------+--------+--------+--------+-----+--------+
         Total |  12821 |  12420 |    401 |    305 |   9580 |  14 |  915.8 |
       Dungeon |  11434 |  11084 |    350 |    109 |   8944 |  10 | 1143.4 |
        Temple |     48 |     48 |      0 |      0 |     30 |   1 |   48.0 |
          Lair |      1 |      1 |      0 |      0 |      0 |   1 |    1.0 |
  Orcish Mines |   1336 |   1285 |     51 |    196 |    606 |   2 |  668.0 |
               +--------+--------+--------+--------+--------+-----+--------+

Top non-repeatable levels by time:
     D:9: 1720 daAuts
     D:7: 1634 daAuts
     D:4: 1270 daAuts
     D:5: 1209 daAuts
    D:10: 1170 daAuts
     D:6: 1116 daAuts
     D:1: 1068 daAuts
   Orc:2: 870 daAuts
     D:3: 825 daAuts
     D:8: 770 daAuts
     D:2: 648 daAuts
   Orc:1: 465 daAuts
  Temple: 48 daAuts
  Lair:1: 1 daAuts
